Cogmind - Beta 13 @@@ ROGUE MODE // 2024.04.22 @ 18:06:58 Player: Millea Result: Destroyed by G-50 Soldier with Heavy Laser Performance ------------- Evolutions (5) 2500 Regions Visited (14) 2800 Robots Destroyed (179) 895 Value Destroyed (7623) 7623 Prototype IDs (11) 220 Alien Tech Used (0) 0 Bonus (1423) 1423 TOTAL SCORE: 15461 Bonus ------- High Alert Combat Kills 462 Follower Combat Kills 330 Entered Garrisons 400 Entered DSFs 500 Acquired ECA 300 Friendly Fire -569 Cogmind --------- Core Integrity 0/1000 Matter 67/300 Energy 98/100 System Corruption 3% Temperature Warm (111) Movement Core (50) Location -5/Factory Parts ------- > --- POWER (1) -------- (None) > --- PROPULSION (4) --- (None) > --- UTILITY (9) ------ (None) > --- WEAPON (3) ------- (None) > --- INVENTORY (5) ---- Improved Thermal Shield High-powered Tractor Beam Proton Cannon Heavy Proton Cannon KE Penetrator Peak State ------------ > --- POWER ------------ Micro Fission Core > --- PROPULSION ------- Improved Treads Carbon-fiber Leg Carbon-fiber Leg Wheel > --- UTILITY ---------- Improved Heat Sink Improved Heat Sink Experimental Sensor Array Encrypted Comm Array Improved Target Analyzer Improved Target Analyzer Precision Energy Filter Improved Medium Armor Plating Improved Focal Shield > --- WEAPON ----------- Heavy Proton Cannon KE Penetrator Mass Driver > --- INVENTORY -------- Light Angular Momentum Engine Improved Heat Sink Improved Heat Sink High-powered Tractor Beam Improved Trap Extractor [Rating: 82] Favorites ----------- Power Cooled Ion Engine Engine Cooled Ion Engine Power Core Micro Fission Core Propulsion Light Treads Treads Light Treads Leg Carbon-fiber Leg Wheel Wheel Hover Unit Gravmag System Flight Unit VTOL Module Utility Huge Storage Unit Device Cooling System Storage Huge Storage Unit Processor Improved Targeting Computer Hackware Hacking Suite Protection Propulsion Shielding Weapon Advanced Beam Cannon Energy Gun Small Laser Energy Cannon Advanced Beam Cannon Ballistic Gun Barrage Gun Ballistic Cannon Improved Light Cannon Launcher Rocket Launcher Special Melee Weapon Datajack Build | -11 -10 -10 -9 -9 -9 -9 -7 -7 -6 -6 -6 -5 -5 -5 ------- Run | Yrd Mat Min Mat Sto Gar Rec Fac DSF Fac Low Low Fac Gar Fac Slots Evolved 10 | . . . 2 . . . 4 . 2 . . 2 . . Power . | . . . . . . . . . . . . . . . Propulsion 2 | . . . 2 . . . . . . . . . . . Utility 7 | . . . . . . . 3 . 2 . . 2 . . Weapon 1 | . . . . . . . 1 . . . . . . . Parts Attached 186 | 5 11 9 8 9 17 3 6 10 12 12 9 4 29 42 Power 14 | . 1 1 1 3 . 1 . . . 1 . . 2 4 Engine 12 | . 1 1 1 3 . 1 . . . 1 . . 2 2 Core 2 | . . . . . . . . . . . . . . 2 Reactor . | . . . . . . . . . . . . . . . Propulsion 43 | 2 . 1 4 1 8 2 . 4 2 3 . . 7 9 Treads 19 | 2 . 1 4 1 3 2 . 2 . . . . 1 3 Leg 18 | . . . . . 4 . . 1 1 3 . . 6 3 Wheel 2 | . . . . . . . . . 1 . . . . 1 Hover 1 | . . . . . 1 . . . . . . . . . Flight 3 | . . . . . . . . 1 . . . . . 2 Utility 83 | 1 7 3 2 2 5 . 5 6 8 4 6 4 11 19 Device 41 | . 3 2 . 1 . . 2 6 2 . 2 3 9 11 Storage 3 | 1 2 . . . . . . . . . . . . . Processor 11 | . 1 . . . 1 . . . . . 1 . 1 7 Hackware 2 | . . . . . 1 . . . 1 . . . . . Protection 26 | . 1 1 2 1 3 . 3 . 5 4 3 1 1 1 Artifact . | . . . . . . . . . . . . . . . Weapon 46 | 2 3 4 1 3 4 . 1 . 2 4 3 . 9 10 Energy Gun 10 | 2 3 1 . . . . . . 1 . . . 3 . Energy Cannon 12 | . . 2 . 3 1 . 1 . . 1 . . 2 2 Ballistic Gun 12 | . . 1 1 . 1 . . . 1 1 3 . 1 3 Ballistic Cannon 5 | . . . . . 1 . . . . . . . . 4 Launcher 6 | . . . . . 1 . . . . 2 . . 3 . Special Weapon . | . . . . . . . . . . . . . . . Impact Weapon . | . . . . . . . . . . . . . . . Slashing Weapon . | . . . . . . . . . . . . . . . Piercing Weapon . | . . . . . . . . . . . . . . . Special Melee Weapon 1 | . . . . . . . . . . . . . . 1 Unidentified Prototypes 7 | . . . 1 2 . . . . . . . 1 . 3 Parts Lost 89 | . 3 4 1 1 10 . . 5 3 9 3 . 35 15 Power 6 | . . 1 . . . . . . . 1 . . 3 1 Propulsion 28 | . . 1 . . 6 . . 2 2 2 . . 10 5 Utility 31 | . 1 . 1 1 2 . . 1 1 4 3 . 11 6 Weapon 24 | . 2 2 . . 2 . . 2 . 2 . . 11 3 Highest Loss Streak 28 | . 2 4 1 1 3 . . 4 1 7 3 . 28 8 To Critical Strikes . | . . . . . . . . . . . . . . . Average Slot Usage (%) 93 | . 98 99 100 99 93 100 98 93 98 79 99 99 89 78 Engine 9 | . 13 13 11 11 11 11 7 7 6 6 6 5 4 1 Treads 22 | . 28 28 44 43 18 40 30 26 20 6 . . . 4 Leg 5 | . . . . . 16 3 . 1 1 7 26 23 20 4 Device 9 | . 10 2 . 4 2 . 6 21 19 20 14 23 21 19 Storage 9 | . 14 14 11 11 11 11 7 7 6 6 6 5 4 . Processor 2 | . . . . . . . . . . . 4 5 6 21 Protection 9 | . 2 11 11 6 6 11 23 8 19 14 20 16 13 1 Energy Gun 6 | . 27 15 7 . . . . . 5 . . . . . Energy Cannon 7 | . . 12 11 21 12 . 6 7 6 12 1 . . 1 Ballistic Gun 4 | . . . 3 . 6 11 7 4 5 . 17 17 12 3 Ballistic Cannon 1 | . . . . . 2 11 7 4 . . . . . 6 Naked Turns . | . . . . . . . . . . . . . . . Heaviest Build 126 | 9 90 93 98 98 100 100 108 108 107 126 126 119 120 46 Greatest Support 80 | 40 40 40 80 80 80 80 80 80 60 60 60 60 60 30 Greatest Overweight (x) 9 | . 2 2 2 1 9 2 1 2 6 6 2 1 1 4 Average Overweight (x) 1 | . 1 2 1 1 2 1 1 1 3 4 1 1 . 1 Largest Inventory Capacity 25 | 8 25 25 25 25 25 25 25 25 25 25 25 25 25 5 Average Capacity 22 | 7 22 25 25 25 25 25 25 25 25 25 25 25 23 5 Most Carried 25 | 7 25 25 25 25 25 25 24 24 25 24 25 21 22 5 Average Carried 19 | 4 12 24 24 24 22 24 21 22 20 21 22 20 17 4 Final Capacity 25 | 8 25 25 25 25 25 25 25 25 25 25 25 25 5 5 Final Carried 25 | 7 25 21 25 25 25 24 24 23 23 21 22 20 5 5 Class Distribution -------------------- 64% | Mutant 16% | Scavenger-Tank 12% | Scavenger-Mutant 6% | Scavenger-Gunner Dominant Class ---------------- Mutant | -10/Materials Mutant | -10/Mines Mutant | -9/Materials Mutant | -9/Storage Mutant | -9/Garrison Scavenger-Mutant | -9/Recycling Scavenger-Tank | -7/Factory Scavenger-Tank | -7/DSF Scavenger-Tank | -6/Factory Mutant | -6/Lower Caves Scavenger-Tank | -6/Lower Caves Scavenger-Tank | -5/Factory Scavenger-Tank | -5/Garrison Scavenger-Gunner | -5/Factory Resources | -11 -10 -10 -9 -9 -9 -9 -7 -7 -6 -6 -6 -5 -5 -5 ----------- Run | Yrd Mat Min Mat Sto Gar Rec Fac DSF Fac Low Low Fac Gar Fac Matter Collected 4068 | 191 238 201 123 85 437 122 . 135 293 228 385 . 422 1208 Remotely 99 | . 99 . . . . . . . . . . . . . Salvage Created 7074 | . 576 149 1070 408 819 337 . 299 421 373 305 . 755 1562 Parts 335 | . 34 7 48 16 44 15 . 15 26 15 12 . 20 83 Haulers Intercepted 7 | . 2 . 4 . . . . . . . . . . 1 Recyclers Shooed 6 | . . . . . . . . . 1 . . . . 5 Parts Field Recycled . | . . . . . . . . . . . . . . . Retrieved Matter . | . . . . . . . . . . . . . . . Parts Self-Destructed 19 | . . . . . . . . . . 7 12 . . . Prevented . | . . . . . . . . . . . . . . . Kills | -11 -10 -10 -9 -9 -9 -9 -7 -7 -6 -6 -6 -5 -5 -5 ------- Run | Yrd Mat Min Mat Sto Gar Rec Fac DSF Fac Low Low Fac Gar Fac Combat Hostiles Destroyed 144 | . 10 6 19 10 24 4 . 7 6 8 7 . 16 27 Guns 49 | . 9 2 2 . 3 1 . 3 4 . 7 . 6 12 Cannons 73 | . . 4 16 9 17 3 . 4 1 3 . . 1 15 AOE 16 | . 1 . . . 3 . . . . 4 . . 8 . Classes Destroyed 18 | . 5 2 2 . 2 2 . 2 . . . . . 3 Worker 7 | . . 1 1 . . . . . . . . . . 5 Builder 3 | . . . . . . . . . . . . . . 3 Hauler 7 | . 2 . 4 . . . . . . . . . . 1 Recycler 4 | . . . . . . 2 . . 1 . . . . 1 Operator 5 | . 1 . 2 1 . . . . . . . . . 1 Watcher 5 | . 3 . 1 . . . . . 1 . . . . . Swarmer 37 | . 3 3 3 4 6 . . 3 . . 4 . . 11 Grunt 62 | . 7 2 11 3 9 . . 1 3 3 3 . 14 6 Brawler 3 | . . . 1 1 1 . . . . . . . . . Duelist 4 | . . . . . 2 . . . . 1 . . 1 . Protector 1 | . . . . . . 1 . . . . . . . . Sentry 14 | . . . 4 2 1 3 . 1 . . . . 1 2 Demolisher 1 | . . 1 . . . . . . . . . . . . Specialist 3 | . . . . . . . . 3 . . . . . . Hunter 1 | . . . . . . . . . . . . . . 1 Programmer 15 | . . . . . 5 . . . 3 . . . . 7 Heavy 1 | . . . . . . . . 1 . . . . . . Decomposer 1 | . . . . . . . . . . 1 . . . . Thug 5 | . . . . 1 . . . . . 4 . . . . Fireman 1 | . . . . . . . . . . . . . . 1 Best Kill Streak 8 | . 5 3 3 3 6 3 . 6 2 4 4 . 8 6 Combat Bots Only 8 | . 5 3 2 3 6 2 . 6 2 4 4 . 8 5 Max Kills in Single Turn 3 | . 1 1 1 1 2 1 . 1 1 2 1 . 2 3 Gunslinging . | . . . . . . . . . . . . . . . Exploded 2 | . 1 . . . 1 . . . . 2 . . 2 . Melee . | . . . . . . . . . . . . . . . Uniques/NPCs Destroyed . | . . . . . . . . . . . . . . . Combat | -11 -10 -10 -9 -9 -9 -9 -7 -7 -6 -6 -6 -5 -5 -5 -------- Run | Yrd Mat Min Mat Sto Gar Rec Fac DSF Fac Low Low Fac Gar Fac Hostile Shots Fired 993 | . 43 36 57 44 156 14 . 87 60 43 70 . 187 196 Missed 264 | . 9 7 15 11 36 5 . 25 19 10 17 . 42 68 Damage Taken 11193 | . 431 562 475 368 1494 137 . 886 474 710 654 . 2810 2192 Core 1864 | . 98 67 60 61 244 33 . 108 47 98 38 . 426 584 Absorbed by Shields 806 | . . . . . . . . 216 137 100 193 . 160 . Redirected to Shielding 563 | . . 76 89 21 57 . . 66 115 85 27 . 27 . Ignored by Resistances 449 | . . . . . . . . . 108 92 54 . . 195 Regen/Repaired (Parts) 246 | . 64 . . 87 . . . . . . . . . 95 Core Remaining (%) 59 | 100 . 34 . . . . . 84 . . 78 . . . Volleys Fired 493 | . 47 18 68 30 83 12 . 21 29 18 23 . 47 97 Largest 3 | . 2 2 2 2 2 2 . 3 3 3 3 . 3 3 Hottest 206 | . 80 135 115 136 136 62 . 130 131 166 84 . 206 171 Shots Fired 1024 | . 94 35 129 58 158 24 . 52 76 35 70 . 114 179 Gun 539 | . 94 16 61 . 39 12 . 21 54 3 70 . 86 83 Cannon 460 | . . 19 68 58 114 12 . 31 22 28 . . 12 96 Launcher 25 | . . . . . 5 . . . . 4 . . 16 . Special . | . . . . . . . . . . . . . . . Kinetic 458 | . . . 13 . 54 24 . 37 29 3 70 . 78 150 Thermal 457 | . 19 35 116 58 99 . . 15 47 28 . . 20 20 Explosive 25 | . . . . . 5 . . . . 4 . . 16 . Electromagnetic 84 | . 75 . . . . . . . . . . . . 9 Robot Hit Streak 18 | . 10 5 11 5 8 15 . 17 18 17 10 . 12 11 Robot Miss Streak 8 | . 2 2 2 3 3 1 . 2 3 2 8 . 4 5 Penetration Max 1 | . . . . . . . . . . . . . . 1 Secondary Targets 9 | . 2 . . . . . . . 1 . 3 . 3 . Max Gunslinging Chain 1 | . 1 . . . . . . . 1 . 1 . 1 . Shots Hit Robots 634 | . 62 20 91 30 78 20 . 36 59 23 32 . 78 105 Core Hits 308 | . 27 13 33 13 32 6 . 15 22 19 15 . 52 61 Critical Kills 8 | . . . 1 1 1 . . . 1 1 . . 1 2 Critical Parts Destroyed 5 | . . . . . . . . . . . . . 1 4 Critical Strikes 21 | . 2 . 1 1 1 1 . . 1 1 . . 2 11 Meltdown 6 | . . . 1 1 1 . . . 1 1 . . 1 . Destroy 7 | . . . . . . . . . . . . . 1 6 Blast 5 | . . . . . . 1 . . . . . . . 4 Corrupt 3 | . 2 . . . . . . . . . . . . 1 Melee Attacks . | . . . . . . . . . . . . . . . Impact . | . . . . . . . . . . . . . . . Slashing . | . . . . . . . . . . . . . . . Piercing . | . . . . . . . . . . . . . . . Sneak Attacks . | . . . . . . . . . . . . . . . Combat Hostiles . | . . . . . . . . . . . . . . . Follow-up Attacks . | . . . . . . . . . . . . . . . Damage Inflicted 15578 | . 930 348 1777 703 1998 396 . 737 1042 927 567 . 2363 3790 Guns 6021 | . 858 117 581 . 300 151 . 233 644 48 567 . 1021 1501 Cannons 7105 | . . 231 1196 703 1393 245 . 504 396 397 . . 213 1827 Explosions 2450 | . 72 . . . 305 . . . . 482 . . 1129 462 Melee . | . . . . . . . . . . . . . . . Ramming 2 | . . . . . . . . . 2 . . . . . Kinetic 5899 | . . . 135 . 460 396 . 494 407 48 567 . 905 2487 Thermal 6405 | . 183 348 1642 703 1233 . . 243 633 397 . . 329 694 Explosive 2116 | . . . . . 305 . . . . 482 . . 1129 200 Electromagnetic 1156 | . 747 . . . . . . . . . . . . 409 Impact . | . . . . . . . . . . . . . . . Slashing . | . . . . . . . . . . . . . . . Piercing . | . . . . . . . . . . . . . . . Highest Corruption 7 | . . . 1 1 7 7 . . 3 3 3 . 3 3 Average Corruption 3 | . . . 1 1 4 7 . . 2 3 3 . 2 2 Corruption Purged 4 | . . . . . . . . . . . . . . 4 Corruption Blocked . | . . . . . . . . . . . . . . . Effects 134 | . . . 1 5 41 25 . . 4 29 12 . 1 16 Message Errors 29 | . . . . 1 12 6 . . 2 4 3 . . 1 Matter Fused 34 | . . . 1 1 9 6 . . 1 4 5 . 1 6 Heat Flow Errors 16 | . . . . 1 5 2 . . . 4 2 . . 2 Energy Discharges 14 | . . . . . 5 2 . . 1 3 1 . . 2 Parts Fused 1 | . . . . . . . . . . . . . . 1 Data Loss (minor) 24 | . . . . . 5 7 . . . 9 . . . 3 Data Loss (major) 3 | . . . . 1 . . . . . 2 . . . . Misfires 7 | . . . . . 1 1 . . . 3 1 . . 1 Alerts 2 | . . . . . 2 . . . . . . . . . Weapon Failures 4 | . . . . 1 2 1 . . . . . . . . Overload Shots . | . . . . . . . . . . . . . . . Overflow Damage 269 | . 18 . 3 . 77 9 . 17 6 42 . . 14 83 Projectiles 113 | . . . 3 . 18 9 . 17 6 42 . . . 18 Explosions 156 | . 18 . . . 59 . . . . . . . 14 65 Melee . | . . . . . . . . . . . . . . . Knockbacks 14 | . . . . . 1 . . 4 . . . . . 9 Impact . | . . . . . . . . . . . . . . . Kinetic 13 | . . . . . 1 . . 4 . . . . . 8 Secondary 1 | . . . . . . . . . . . . . . 1 Self-Inflicted Damage 193 | . 38 . . . . . . . 1 66 . . 88 . Shots 6 | . 1 . . . . . . . . 3 . . 2 . Rammed 1 | . . . . . . . . . 1 . . . . . Targets Rammed 1 | . . . . . . . . . 1 . . . . . Kicked . | . . . . . . . . . . . . . . . Crushed . | . . . . . . . . . . . . . . . Highest Temperature 414 | . 214 293 249 240 389 147 . 414 2 205 239 . 108 227 Average Temperature 85 | . 53 129 85 76 99 42 . 125 2 66 59 . 34 75 Received Heat Transfer 2836 | . 213 72 189 117 297 45 . 162 183 156 148 . 971 283 Effects 7 | . . . . 1 4 . . 2 . . . . . . Shutdowns 2 | . . . . . 1 . . 1 . . . . . . Energy Bleed 2 | . . . . 1 1 . . . . . . . . . Interference 2 | . . . . . 2 . . . . . . . . . Short Circuit 1 | . . . . . . . . 1 . . . . . . Siege Activations . | . . . . . . . . . . . . . . . Robots Corrupted . | . . . . . . . . . . . . . . . Combat Hostiles . | . . . . . . . . . . . . . . . Parts Fried 7 | . 7 . . . . . . . . . . . . . Impact Corruptions . | . . . . . . . . . . . . . . . Robots Melted 6 | . . . 1 1 1 . . . 1 1 . . 1 . Combat Hostiles 6 | . . . 1 1 1 . . . 1 1 . . 1 . Parts Melted 23 | . . . 6 3 6 . . . 3 . . . 2 3 Heat Transferred 10302 | . 350 657 2677 1221 1961 . . 444 1129 629 . . 592 642 Parts Sabotaged 3 | . . . . . . . . . . . . . . 3 Parts Stolen . | . . . . . . . . . . . . . . . Parts Stripped . | . . . . . . . . . . . . . . . Power Chain Reactions 5 | . 2 . . . . . . . . . . . . 3 Alert | -11 -10 -10 -9 -9 -9 -9 -7 -7 -6 -6 -6 -5 -5 -5 ------- Run | Yrd Mat Min Mat Sto Gar Rec Fac DSF Fac Low Low Fac Gar Fac Peak Influence 1346 | . 168 77 268 527 1346 685 214 429 397 . . 56 167 787 Initial 605 | . . 7 22 113 342 605 214 153 224 . . 56 42 77 Average 278 | . 32 19 120 308 873 589 214 351 249 . . 56 114 281 Maximum Alert Level 4 | . . . 1 2 4 2 1 2 1 . . . . 3 Low Security (%) 57 | 100 100 100 81 35 . . . 5 18 . . 100 100 50 Level 1 15 | . . . 18 31 9 . 100 45 81 . . . . 15 Level 2 15 | . . . . 32 15 100 . 48 . . . . . 25 Level 3 8 | . . . . . 50 . . . . . . . . 8 Level 4 3 | . . . . . 24 . . . . . . . . . Level 5 . | . . . . . . . . . . . . . . . High Security . | . . . . . . . . . . . . . . . Max Security . | . . . . . . . . . . . . . . . Sterilizations 1 | . . . . . . . . 1 . . . . . . Squads Dispatched 26 | . 3 . 5 3 . . 1 3 2 . . . . 9 Investigation 8 | . 2 . 3 . . . 1 . 1 . . . . 1 Extermination 5 | . . . . . . . . . 1 . . . . 4 Reinforcement 8 | . 1 . 2 1 . . . 3 . . . . . 1 Assault 4 | . . . . 2 . . . . . . . . . 2 Garrison 1 | . . . . . . . . . . . . . . 1 Intercept . | . . . . . . . . . . . . . . . Searches Triggered . | . . . . . . . . . . . . . . . Construction Impeded . | . . . . . . . . . . . . . . . Haulers Reinforced 1 | . . . . . . . . . . . . . . 1 Active Scanning Responses . | . . . . . . . . . . . . . . . Cargo Convoy Interrupts . | . . . . . . . . . . . . . . . Stealth | -11 -10 -10 -9 -9 -9 -9 -7 -7 -6 -6 -6 -5 -5 -5 --------- Run | Yrd Mat Min Mat Sto Gar Rec Fac DSF Fac Low Low Fac Gar Fac Distress Signals 3 | . . . 1 2 . . . . . . . . . . Communications Jammed . | . . . . . . . . . . . . . . . Distress Signals . | . . . . . . . . . . . . . . . Times Spotted 236 | . 21 19 30 28 26 4 . 16 9 8 7 . 19 49 Peak Tracking Total 14 | . 5 14 3 7 10 2 . 5 3 4 4 . 10 13 Tactical Retreats 9 | . . . 2 1 2 . . 3 . . . . . 1 Traps | -11 -10 -10 -9 -9 -9 -9 -7 -7 -6 -6 -6 -5 -5 -5 ------- Run | Yrd Mat Min Mat Sto Gar Rec Fac DSF Fac Low Low Fac Gar Fac Traps Triggered 10 | . 2 . . . 3 . . . . . . . 4 1 Indirectly . | . . . . . . . . . . . . . . . Trap Hack Attempts . | . . . . . . . . . . . . . . . Triggered . | . . . . . . . . . . . . . . . Disarmed . | . . . . . . . . . . . . . . . Reprogrammed . | . . . . . . . . . . . . . . . Reused 2 | . . . . . . . . 2 . . . . . . Traps Extracted . | . . . . . . . . . . . . . . . Installed 8 | . . . . . . . . 8 . . . . . . Triggered 2 | . . . . . . . . 2 . . . . . . Most Traps Carried 4 | . . 4 4 4 4 4 4 4 . . . . . . Machines | -11 -10 -10 -9 -9 -9 -9 -7 -7 -6 -6 -6 -5 -5 -5 ---------- Run | Yrd Mat Min Mat Sto Gar Rec Fac DSF Fac Low Low Fac Gar Fac Machines Disabled 43 | . 1 . 1 3 8 . . . . . . . 1 29 Max in Single Turn 17 | . 1 . 1 1 2 . . . . . . . 1 17 Garrison Relay 5 | . . . . . 4 . . . . . . . 1 . Phase Generator 1 | . . . . . 1 . . . . . . . . . Machines Repaired . | . . . . . . . . . . . . . . . Machines Dismantled . | . . . . . . . . . . . . . . . Machines Sabotaged . | . . . . . . . . . . . . . . . Overloaded Fab Kills . | . . . . . . . . . . . . . . . Hacking | -11 -10 -10 -9 -9 -9 -9 -7 -7 -6 -6 -6 -5 -5 -5 --------- Run | Yrd Mat Min Mat Sto Gar Rec Fac DSF Fac Low Low Fac Gar Fac Machines Accessed 35 | . 9 1 3 6 2 4 1 . 2 . 1 1 1 4 Terminals 24 | . 6 . 3 4 2 4 1 . 2 . . . 1 1 Fabricators . | . . . . . . . . . . . . . . . Repair Stations 3 | . 1 . . 1 . . . . . . . . . 1 Recycling Units 3 | . 2 . . . . . . . . . . . . 1 Scanalyzers . | . . . . . . . . . . . . . . . Garrison Access 3 | . . . . 1 . . . . . . . 1 . 1 Total Hacks 110 | . 36 1 15 17 4 11 3 . 6 . 1 1 1 14 Successful 47 | . 19 1 5 8 1 2 1 . 3 . 1 1 1 4 Failed 62 | . 17 . 9 9 3 9 2 . 3 . . . . 10 Catastrophic 8 | . 2 . 1 1 . . . . 2 . . . . 2 Database Lockouts 1 | . . . 1 . . . . . . . . . . . Manual 45 | . 22 . 11 1 . 3 . . 4 . . . . 4 Terminals 72 | . 21 . 15 10 4 11 3 . 6 . . . 1 1 Fabricators . | . . . . . . . . . . . . . . . Repair Stations 15 | . 5 . . 4 . . . . . . . . . 6 Recycling Units 14 | . 10 . . . . . . . . . . . . 4 Scanalyzers . | . . . . . . . . . . . . . . . Garrison Access 7 | . . . . 3 . . . . . . . 1 . 3 Terminal Hacks 22 | . 4 1 4 4 1 2 1 . 3 . 1 . 1 . Robot Schematic 1 | . 1 . . . . . . . . . . . . . Robot Analysis 5 | . 2 . 2 . . . . . 1 . . . . . Prototype ID Bank 3 | . . . 1 1 . 1 . . . . . . . . Open Door 3 | . . 1 . 1 . . . . . . 1 . . . Open DSF 1 | . . . . . . . 1 . . . . . . . Branch Access Points 3 | . . . 1 1 . . . . 1 . . . . . Emergency Access Points 1 | . . . . . . . . . . . . . 1 . Alert Level 3 | . . . . 1 . 1 . . 1 . . . . . Recall Investigation 1 | . 1 . . . . . . . . . . . . . Garrison Registry 1 | . . . . . 1 . . . . . . . . . Fabricator Hacks . | . . . . . . . . . . . . . . . Repair Station Hacks 10 | . 4 . . 3 . . . . . . . . . 3 Scan Component 6 | . 2 . . 2 . . . . . . . . . 2 Repair 4 | . 2 . . 1 . . . . . . . . . 1 Recycling Unit Hacks 2 | . 2 . . . . . . . . . . . . . Retrieve Components 2 | . 2 . . . . . . . . . . . . . Scanalyzer . | . . . . . . . . . . . . . . . Garrison Access Hacks 2 | . . . . 1 . . . . . . . 1 . . Unlock Access 2 | . . . . 1 . . . . . . . 1 . . Unauthorized Hacks 11 | . 9 . 1 . . . . . . . . . . 1 Terminals 5 | . 4 . 1 . . . . . . . . . . . Botnet 5 | . 4 . 1 . . . . . . . . . . . Fabricators . | . . . . . . . . . . . . . . . Repair Stations . | . . . . . . . . . . . . . . . Recycling Units 6 | . 5 . . . . . . . . . . . . 1 Reject 2 | . 2 . . . . . . . . . . . . . Recyclers 1 | . 1 . . . . . . . . . . . . . Mask 3 | . 2 . . . . . . . . . . . . 1 Scanalyzers . | . . . . . . . . . . . . . . . Garrison Access . | . . . . . . . . . . . . . . . Data Cores Recovered 1 | . . . 1 . . . . . . . . . . . Used . | . . . . . . . . . . . . . . . Hacking Detections 32 | . 8 . 3 6 2 4 1 . 2 . . 1 1 4 Full Trace Events 7 | . 1 . 3 . . . 1 . 1 . . . . 1 Feedback Events 2 | . . . 1 . . . . . 1 . . . . . Corruption 2 | . . . 1 . . . . . 1 . . . . . Feedback Blocked . | . . . . . . . . . . . . . . . Robot Schematics Acquired 1 | . 1 . . . . . . . . . . . . . Robots Built . | . . . . . . . . . . . . . . . Authchips . | . . . . . . . . . . . . . . . Time . | . . . . . . . . . . . . . . . Total Robot Build Rating . | . . . . . . . . . . . . . . . Part Schematics Acquired . | . . . . . . . . . . . . . . . Parts Built . | . . . . . . . . . . . . . . . Authchips . | . . . . . . . . . . . . . . . Time . | . . . . . . . . . . . . . . . Total Part Build Rating . | . . . . . . . . . . . . . . . Parts Repaired 4 | . 2 . . 1 . . . . . . . . . 1 Time 131 | . 52 . . 26 . . . . . . . . . 53 Parts Recycled . | . . . . . . . . . . . . . . . Recycled Matter . | . . . . . . . . . . . . . . . Retrieved Matter . | . . . . . . . . . . . . . . . Retrieved Components 11 | . 11 . . . . . . . . . . . . . Parts Scanalyzed . | . . . . . . . . . . . . . . . Part Schematics Acquired . | . . . . . . . . . . . . . . . Parts Damaged . | . . . . . . . . . . . . . . . Bothacking | -11 -10 -10 -9 -9 -9 -9 -7 -7 -6 -6 -6 -5 -5 -5 ------------ Run | Yrd Mat Min Mat Sto Gar Rec Fac DSF Fac Low Low Fac Gar Fac Used RIF Installer . | . . . . . . . . . . . . . . . Robots Hacked . | . . . . . . . . . . . . . . . Non-combat . | . . . . . . . . . . . . . . . Combat . | . . . . . . . . . . . . . . . Robot Hacks Applied . | . . . . . . . . . . . . . . . Relay Couplers Released 20 | . . . . . 17 . . . . . . . 3 . Machine Destruction 20 | . . . . . 17 . . . . . . . 3 . Fabnet Peak Effective % . | . . . . . . . . . . . . . . . Robots Rewired 4 | . . . . . . 4 . . . . . . . . Allies Hacked . | . . . . . . . . . . . . . . . Hacks Repelled . | . . . . . . . . . . . . . . . Allies | -11 -10 -10 -9 -9 -9 -9 -7 -7 -6 -6 -6 -5 -5 -5 -------- Run | Yrd Mat Min Mat Sto Gar Rec Fac DSF Fac Low Low Fac Gar Fac Total Allies 6 | . . . . 2 . 4 . . . . . . . . Largest Group 4 | . . . . 2 1 4 4 4 . . . . . . Highest-Rated Group 91 | . . . . 62 31 91 91 91 . . . . . . Highest-Rated Ally 34 | . . . . 31 31 34 34 34 . . . . . . Warlord Squad Rendezvous 2 | . . . . . . . . . . . . . . 2 Muscle 1 | . . . . . . . . . . . . . . 1 Pyro 1 | . . . . . . . . . . . . . . 1 Total Orders . | . . . . . . . . . . . . . . . Ally Attacks 46 | . . . . 29 3 2 . 12 . . . . . . Total Damage 1273 | . . . . 481 63 22 . 707 . . . . . . Kills 15 | . . . . 10 1 1 . 3 . . . . . . Allies Corrupted . | . . . . . . . . . . . . . . . Allies Melted . | . . . . . . . . . . . . . . . Intel | -11 -10 -10 -9 -9 -9 -9 -7 -7 -6 -6 -6 -5 -5 -5 ------- Run | Yrd Mat Min Mat Sto Gar Rec Fac DSF Fac Low Low Fac Gar Fac Robot Analysis Total 5 | . 2 . 2 . . . . . 1 . . . . . Derelict Logs Recovered 2 | . . 1 . . . . . . . . 1 . . . Drone Launches . | . . . . . . . . . . . . . . . Drone Recoveries . | . . . . . . . . . . . . . . . Exploration | -11 -10 -10 -9 -9 -9 -9 -7 -7 -6 -6 -6 -5 -5 -5 ------------- Run | Yrd Mat Min Mat Sto Gar Rec Fac DSF Fac Low Low Fac Gar Fac Turns Passed 13714 | 87 1903 1130 2109 743 1585 720 95 411 490 1866 744 67 409 1355 Spaces Moved 4479 | 49 596 267 718 242 391 253 36 125 167 431 332 32 142 698 Core 75 | 5 . . . . . . . . . . . . 45 25 Treads 2929 | 44 596 267 718 242 276 253 36 125 79 251 . . . 42 Legs 833 | . . . . . 115 . . . . 64 332 32 97 193 Wheels 585 | . . . . . . . . . 88 116 . . . 381 Hover . | . . . . . . . . . . . . . . . Flight 57 | . . . . . . . . . . . . . . 57 Fastest Speed 35 | 50 160 320 240 240 240 240 240 240 190 190 190 190 50 35 Average Speed 250 | 148 278 320 240 240 332 244 240 254 218 416 197 190 145 133 Slowest Speed 750 | 160 320 320 320 240 750 320 240 320 320 640 260 190 190 260 Overloaded Moves . | . . . . . . . . . . . . . . . Propulsion Burnouts . | . . . . . . . . . . . . . . . Robots Hopped 1 | . . . . . . . . . . . . . . 1 Cave-ins Triggered . | . . . . . . . . . . . . . . . Exploration Rate (%) 43 | 5 88 62 50 48 64 74 2 92 6 76 43 1 26 21 Regions Visited 14 Branch Regions 5 Pre-discovered Areas 3 | . . 1 . . . . . . . 1 1 . . . Known Exits Taken 5 | . . . 1 1 . . 1 . 1 . . 1 . . Unknown Exits Taken 6 | 1 1 1 . . . 1 . . . 1 1 . . . Scrap Searched 1 | . . 1 . . . . . . . . . . . . Spaces Dug 19 | . . . . . 6 . . . . 7 . . . 6 Terrain Destroyed 228 | . 7 5 16 . 94 . . 1 . 34 . . 21 50 Melee . | . . . . . . . . . . . . . . . Projectile 64 | . . 5 16 . 1 . . 1 . 4 . . . 37 AOE 164 | . 7 . . . 93 . . . . 30 . . 21 13 Terrain Rammed . | . . . . . . . . . . . . . . . Walls Destroyed . | . . . . . . . . . . . . . . . Machines Disabled . | . . . . . . . . . . . . . . . Actions | -11 -10 -10 -9 -9 -9 -9 -7 -7 -6 -6 -6 -5 -5 -5 --------- Run | Yrd Mat Min Mat Sto Gar Rec Fac DSF Fac Low Low Fac Gar Fac Total 6054 | 62 746 516 987 350 515 331 45 176 228 469 375 38 257 959 Wait 641 | . 65 200 154 54 13 20 . 7 13 3 6 . 11 95 Move 4465 | 48 595 266 717 242 390 252 35 124 166 430 331 32 141 696 Hop 1 | . . . . . . . . . . . . . . 1 Pick Up 114 | 9 24 11 22 5 6 . 4 2 5 5 4 . 8 9 Fast Attach 67 | 3 3 . 1 5 7 2 . 3 2 3 . 2 1 35 Attach 72 | 2 5 4 3 1 5 . 4 2 7 7 3 2 23 4 Detach 5 | . 1 . . . . . . . 2 . . . . 2 Swap 47 | . 3 5 4 3 5 1 2 5 3 2 6 . 5 3 Drop 74 | . 3 12 18 10 2 3 . 3 . 1 2 2 1 17 Fire 493 | . 47 18 68 30 83 12 . 21 29 18 23 . 47 97 Melee . | . . . . . . . . . . . . . . . Ram 1 | . . . . . . . . . 1 . . . . . Kick . | . . . . . . . . . . . . . . . Crush . | . . . . . . . . . . . . . . . Escape Stasis 24 | . . . . . 4 . . . . . . . 20 . Rewire 42 | . . . . . . 41 . 1 . . . . . . Trap 8 | . . . . . . . . 8 . . . . . . Miscellaneous . | . . . . . . . . . . . . . . . Route ------- -11/Scrapyard -10/Materials (discovered 4 exits: *Mat x3 / *Min) -10/Mines (discovered 2 exits: *Mat / [*Exi]) -9/Materials (discovered 3 exits: *Min x2 / *Sto) -9/Storage (discovered 2 exits: Rec / Gar) -9/Garrison (discovered 3 exits: *Rec x3) -9/Recycling -7/Factory -7/DSF -6/Factory (discovered 4 exits: *Low x2 / Ext x2) -6/Lower Caves -6/Lower Caves (discovered 2 exits: *Fac / [*Dat]) -5/Factory -5/Garrison -5/Factory History --------- Turn | Location | Event 27 | -11/Scrapyard | Discovered new exit (range 13) 88 | -11/Scrapyard | Entered Materials 264 | -10/Materials | Discovered new exit (range 5) 333 | -10/Materials | Build established: Mutant 745 | -10/Materials | Repaired EM Pulse Gun 773 | -10/Materials | Repaired Heat Sink 787 | -10/Materials | Discovered new exit (range 9) 1078 | -10/Materials | Discovered new exit (range 8) 1264 | -10/Materials | Discovered new exit (range 16) 1991 | -10/Materials | Entered Mines 1999 | -10/Mines | Learned location of Storage (-9) 2342 | -10/Mines | Found a damaged Exp. Sensor Array with a note attached 2349 | -10/Mines | Found Prototype Device 2421 | -10/Mines | Met a Derelict who couldn't figure out how to use a Trap Extractor 2741 | -10/Mines | Assembled infested the area 2773 | -10/Mines | Core integrity fell below 50% 2784 | -10/Mines | Met 8R-AWN 2807 | -10/Mines | Lost 4 parts (1p1n2w) 2819 | -10/Mines | Found a hidden stash of uninstalled traps 2999 | -10/Mines | Learned Materials emergency access door positions 3018 | -10/Mines | Discovered new exit (range 8) 3047 | -10/Mines | Discovered new exit (range 5) 3121 | -10/Mines | Entered Materials 3121 | -9/Materials | Evolved 2 slots: Propulsion x2 3121 | -9/Materials | Discovered new exit (range 8) 4594 | -9/Materials | Central database locked down 4705 | -9/Materials | Discovered new exit (range 16) 5159 | -9/Materials | Identified exit to Mines 5159 | -9/Materials | Identified exit to Storage 5230 | -9/Materials | Entered Storage 5488 | -9/Storage | Repaired Lgt. Treads 5545 | -9/Storage | Identified exit to Recycling 5629 | -9/Storage | Met a pair of Derelict thieves 5973 | -9/Storage | Identified exit to Garrison 5973 | -9/Storage | Entered Garrison 5973 | -9/Garrison | Accompanied by 1 ally 6051 | -9/Garrison | Triggered checkpoint 6216 | -9/Garrison | Garrison Relay disabled 6366 | -9/Garrison | Lost 3 parts (3n) 6371 | -9/Garrison | Core integrity fell below 50% 6395 | -9/Garrison | Triggered checkpoint 6475 | -9/Garrison | Discovered exit to Recycling (range 54) 6475 | -9/Garrison | Discovered exit to Recycling (range 69) 6475 | -9/Garrison | Discovered exit to Recycling (range 20) 6543 | -9/Garrison | Triggered checkpoint 6757 | -9/Garrison | Garrison Relay disabled 7012 | -9/Garrison | Phase Generator disabled 7048 | -9/Garrison | Garrison Relay disabled 7133 | -9/Garrison | Triggered checkpoint 7138 | -9/Garrison | Core integrity fell below 20% 7263 | -9/Garrison | Triggered checkpoint 7311 | -9/Garrison | Garrison Relay disabled 7417 | -9/Garrison | Triggered checkpoint 7437 | -9/Garrison | Build established: Scavenger-Mutant 7558 | -9/Garrison | Entered Recycling 8237 | -9/Recycling | Discovered new exit (range 16) 8278 | -9/Recycling | Entered Factory 8278 | -7/Factory | Accompanied by 4 allies 8278 | -7/Factory | Evolved 4 slots: Utility x3, Weapon x1 8373 | -7/Factory | Identified exit to DSF 8373 | -7/Factory | Entered DSF 8373 | -7/DSF | Accompanied by 4 allies 8406 | -7/DSF | Additional patrols routed to DSF 8557 | -7/DSF | Sterilization system engaged 8563 | -7/DSF | Build established: Scavenger-Tank 8577 | -7/DSF | Ambient heat levels rising (+10) 8592 | -7/DSF | Ambient heat levels rising (+10) 8607 | -7/DSF | Ambient heat levels rising (+10) 8622 | -7/DSF | Ambient heat levels rising (+10) 8637 | -7/DSF | Ambient heat levels rising (+10) 8652 | -7/DSF | Ambient heat levels rising (+10) 8667 | -7/DSF | Ambient heat levels rising (+10) 8675 | -7/DSF | Lost 4 parts (2n2w) 8682 | -7/DSF | Ambient heat levels rising (+10) 8697 | -7/DSF | Ambient heat levels rising (+10) 8712 | -7/DSF | Ambient heat levels rising (+10) 8727 | -7/DSF | Ambient heat levels rising (+10) 8742 | -7/DSF | Ambient heat levels rising (+10) 8753 | -7/DSF | Discovered new exit (range 14) 8757 | -7/DSF | Ambient heat levels rising (+10) 8772 | -7/DSF | Ambient heat levels rising (+10) 8784 | -7/DSF | Entered Factory 8784 | -6/Factory | Evolved 2 slots: Utility x2 9031 | -6/Factory | Identified exit to Lower Caves 9031 | -6/Factory | Identified exit to Extension 9274 | -6/Factory | Entered Lower Caves 9294 | -6/Lower Caves | Met a Warlord Commander 9295 | -6/Lower Caves | Learned location of Warlord (-4) 9296 | -6/Lower Caves | Warlord Commander delivered Encrypted Comm Array 9299 | -6/Lower Caves | Found Encrypted Comm Array 9550 | -6/Lower Caves | Lost 7 parts (1p2n2u2w) 9793 | -6/Lower Caves | Spotted B-75 Beast 9800 | -6/Lower Caves | Build established: Mutant 10561 | -6/Lower Caves | Encountered a Warlord checkpoint 10866 | -6/Lower Caves | Discovered new exit (range 9) 10924 | -6/Lower Caves | Ambushed by wild Derelicts 11140 | -6/Lower Caves | Entered another Lower Caves area 11161 | -6/Lower Caves | Discovered new exit (range 8) 11275 | -6/Lower Caves | Build established: Scavenger-Tank 11414 | -6/Lower Caves | Lost 3 parts (3u) 11871 | -6/Lower Caves | Discovered new exit (range 5) 11884 | -6/Lower Caves | Entered Factory 11884 | -5/Factory | Evolved 2 slots: Utility x2 11951 | -5/Factory | Identified exit to Garrison 11951 | -5/Factory | Entered Garrison 12091 | -5/Garrison | Triggered checkpoint 12153 | -5/Garrison | Lost 5 parts (2n3u) 12162 | -5/Garrison | Garrison Relay disabled 12241 | -5/Garrison | Triggered checkpoint 12315 | -5/Garrison | Triggered checkpoint 12346 | -5/Garrison | Destroyed 8 combat bots 12354 | -5/Garrison | Discovered new exit (range 13) 12360 | -5/Garrison | Entered Factory 12367 | -5/Factory | Lost 28 parts (3p7n8u10w) 12701 | -5/Factory | Repaired Broken Carbon-fiber Leg 12763 | -5/Factory | Core integrity fell below 50% 12842 | -5/Factory | Core integrity fell below 20% 12870 | -5/Factory | Lost 8 parts (1p3n2u2w) 12908 | -5/Factory | Identified Exp. Sensor Array 12958 | -5/Factory | Garrison activated, responded to threat 13133 | -5/Factory | Joined by Warlord Pyro squad 13346 | -5/Factory | Build established: Scavenger-Gunner 13488 | -5/Factory | Joined by Warlord Muscle squad 13560 | -5/Factory | First assault squad dispatched 13675 | -5/Factory | Spotted B-75 Beast 13715 | -5/Factory | Released all parts (10) 13715 | -5/Factory | Destroyed by G-50 Soldier with Heavy Laser Last Messages --------------- 13699_ Acquired 12 matter. 13700_ Acquired 5 matter. 13701_ Acquired 25 matter. 13703_ Extracted 50 matter. 13704_ Acquired 5 matter. 13706_ P-70 Sage destroyed. 13707_ Wheel destroyed. 13710_ Imp. Targeting Computer destroyed. 13711_ JUI> IE 5SI4R5MDYOVE 13712_ P-70 Sage Tesla Rifle blasted off. 13712_ P-70 Sage knocked back. 13715_ Released Enh. Gauss Cannon. 13715_ Released Core Analyzer. 13715_ Released Imp. Focal Shield. 13715_ Released Encrypted Comm Array. 13715_ Released Imp. Target Analyzer. 13715_ Released Mic. Fission Core. 13715_ Released Imp. Targeting Computer. 13715_ Released Core Analyzer. 13715_ Released Mass Driver. Map ----- +----------------------------------------------------+ | ?????????????????????????????????????????????????? | | ?????????????????????????????????????????????????? | | ?????????????????????????????????????????????????? | | ?????????????????????????????????????????????????? | | ?????????????????????????????????????????????????? | | ?????????????????????????????????????????????????? | | ?????????????????????????????????????????????????? | | ?????????????????????????????????????????????????? | | ?????????????????????????????????????????????????? | | ??????????????????????? ????????????????????????? | | ??????????????????????? ????? ?????????????????? | | ?????????????????????? ??? #???##########???? | | ??????????????????????" """ #??? #???? | | ??????????????????????" """ # """""" #???? | | ?????????????????????? # """""" #???? | | ?????????????????????? ? # """""" #???? | | ?????#########?########+### # """""" #???? | | ?????#! #?? # # ] #???? | | ###### ! #? """" """ # # """ #???? | | # !! ## """" "R" # # """ #???? | | """ # ! ## """" " " # # """ #???? | | """" # ! ## """" # # ! #???? | | """" # = ## # # * ##??? | | # [ | ## # ^^^ # * | | """ ####+############+#### #####+######### | | """ # % % ] @ #? | | """" # %==%=*]! #?? | | + %! % % g*i[[ ! T #??? | | """ # ! ggg ! +??? | | """ # %%up==* w #??? | | "" ##### #####gg########### T####### #??? | | #??## ## | #??????####?????# !! #??? | | #???# ## #???????????????# !! #??? | | ] %#???# ## #???????????????# !! #??? | | ] = ##### ## " #???????????????# #### | | +% + "" #???????????????# # | | ############# G #?????###########/## # | | # "" #?????# # # | | " """ """ # " #?????# """""" # # | | " """ """ !# #?????# """""" # # | | " """ """ #########?????# """""" # # | | ##?????????????# """""" # # | | " """ """ #??????????????# + + | | " """ """ % #??????????????# """""" # # | | " """ """ !%#??????????????# """""" # # | | /#??????????????# """""" # # | | !#??????????????# """""" # # | | #####+####=/#??????????????# # # | | ! /%]#??????????????# # # | | ! =#??########################## #### | +----------------------------------------------------+ Best States ------------- Heat Dissipation 114 Energy Generation 23 Energy Capacity 280 Matter Stores 300 Matter Capacity 300 Sight Range 16 Robot Scan Range 20 Terrain Scan Density 210 Armor Coverage 525 Resistance: KI 25 Resistance: TH 20 Resistance: EX 25 Core Shielding 20 Propulsion Shielding 66 Utility Shielding 33 Evasion (%) 63 Targeting Accuracy 12 Melee Accuracy 5 Target Analysis 9 Core Analysis 9 Recoil Reduction 4 Energy Filtering 50 Kinecelleration 30 Offensive Hacking 10 Trap Extractor Capacity 6 Item Schematics ----------------- None Robot Schematics ------------------ A-02 Transporter | -10/Materials | Hacked Fabricated ------------ Nothing Alien Tech Used ----------------- None Achievements -------------- None Challenges ------------ None Game ------ Seed AntimatterSystemLauncher Manual? 0 Play Time 01:13:58 Cumulative 248.8 hours Start 2024.04.22 @ 16:45:43 End 2024.04.22 @ 18:06:58 Sessions 1 Manual Loads 0 Difficulty Rogue Special Mode None Game No. 191 Rogue 191 Adventurer 0 Explorer 0 Win Type - Total 7 Types 6/0/0/1/0/0/0/0/0 Lore% 75 Gallery% 82 Achievement% 67 Wizard Run 0 Options --------- Layout 2 ASCII 1 Keyboard 0 Movement Mouse Keybinds 0 Fullscreen 2 Font 24/Smallcaps Map View 50x44 Zoom Use 0% Tactical HUD 1 Map Filters NONE Filters NONE Steam 1 RUN: 08c0a003-f567-4034-9aec-454be9cf6165